 Dungeon Crawl Stone Soup version 0.23.0 (webtiles) character file.

Game seed: 12611512651408939129

55778 Jaiteiro the Basher (level 14, -14/144 HPs)
             Began as a Troll Berserker on Feb 15, 2019.
             Was a High Priest of Trog.
             Demolished by a tyrant leech (28 damage)
             ... on level 1 of the Spider Nest.
             The game lasted 01:32:07 (16872 turns).

Jaiteiro the Basher (Troll Berserker)              Turns: 16872, Time: 01:32:08

Health: -14/144    AC:  9    Str: 28    XL:     14   Next: 39%
Magic:  6/6        EV: 14    Int:  3    God:    Trog [*****.]
Gold:   1341       SH: 10    Dex: 13    Spells: 13/13 levels left

rFire    + . .     SeeInvis +   a - +11 war axe of Arrival {protect, MR+ MP-9 SInv}
rCold    . . .     Gourm    +   E - +0 shield
rNeg     + . .     Faith    .   x - +0 animal skin
rPois    +         Spirit   .   (helmet restricted)
rElec    .         Reflect  .   s - +2 cloak {rPois}
rCorr    .         Harm     .   (gloves unavailable)
MR       ++...                  (boots unavailable)
Stlth    +.........             (no amulet)
HPRegen  0.74/turn              w - ring of protection from fire
MPRegen  0.10/turn              i - ring of positive energy

@: berserk cooldown, slowed, very slow
A: large, unfitting armour, claws 3, fast metabolism 3, gourmand, regeneration
1, shaggy fur 1, tough skin 3
a: Berserk, Trog's Hand, Brothers in Arms, Renounce Religion


You were on level 1 of the Spider Nest.
You worshipped Trog.
Trog was extremely pleased with you.
You were very hungry.

You visited 3 branches of the dungeon, and saw 16 of its levels.

You collected 1341 gold pieces.

Inventory:

Hand Weapons
 a - the +11 war axe of Arrival (weapon) {protect, MR+ MP-9 SInv}
   (You found it on level 7 of the Dungeon)

   It protects the one who uses it against injury (+AC on strike).
   It affects your resistance to hostile enchantments.
   It affects your magic capacity (-9).
   It lets you see invisible.
 b - the +5 mace of Scorn {flame, rC++}
   (You found it on level 5 of the Lair of Beasts)

   It has been specially enchanted to burn those struck by it, causing extra
   injury to most foes and up to half again as much damage against particularly
   susceptible opponents.
   It greatly protects you from cold.
 k - a +0 giant spiked club
Missiles
 e - 292 stones (quivered)
 p - 4 javelins
 D - 8 large rocks
 J - a throwing net
 O - 7 exploding tomahawks
 Q - 3 tomahawks of dispersal
Armour
 s - a +2 cloak of poison resistance (worn)
 x - a +0 animal skin (worn)
 E - a +0 shield (worn)
Jewellery
 f - an uncursed ring of see invisible
 i - a ring of positive energy (right claw)
 w - a ring of protection from fire (left claw)
 P - an uncursed ring of positive energy
Wands
 y - a wand of paralysis (9)
 C - a wand of polymorph (16)
 H - a wand of digging (5)
 I - a wand of flame (14)
 K - a wand of disintegration (19)
 L - a wand of acid (9)
 S - a wand of iceblast (12)
Scrolls
 g - 6 scrolls of remove curse
 h - a scroll of fog {unknown}
 j - 10 scrolls of teleportation
 l - 2 scrolls of amnesia {unknown}
 m - 2 scrolls of identify
 q - 3 scrolls of enchant armour {unknown}
 r - 2 scrolls of enchant weapon {unknown}
 A - a scroll of acquirement {unknown}
 F - a scroll of holy word {unknown}
 R - a scroll of torment {unknown}
 T - a scroll of random uselessness {unknown}
 U - a scroll of magic mapping {unknown}
Potions
 d - a potion of heal wounds {unknown}
 n - 8 potions of curing
 o - 4 potions of mutation
 t - 3 potions of might
 u - 2 potions of brilliance {unknown}
 v - a potion of flight {unknown}
 z - 4 potions of magic
 B - a potion of lignification {unknown}
 G - 2 potions of resistance {unknown}
 N - a potion of berserk rage {unknown}
Miscellaneous
 M - a phial of floods
Comestibles
 c - 22 rations


   Skills:
 + Level 10.9 Fighting
 * Level 12.7 Maces & Flails
 * Level 9.3 Throwing
 + Level 10.6 Dodging
 * Level 5.2 Shields
 * Level 3.5 Evocations


You had 13 spell levels left.
You didn't know any spells.
Your spell library was empty.

Dungeon Overview and Level Annotations

Branches:
Dungeon (8/15)             Temple (0/1) D:7            Lair (6/6) D:8
 Shoals (0/4) Lair:2       Spider (2/4) Lair:4        Slime (0/5) Lair:5

Altars:
Ashenzari
Dithmenos
Elyvilon
Fedhas
Gozag
Hepliaklqana
Makhleb
Okawaru
Sif Muna
Uskayaw
Wu Jian
Zin
Jiyva

Annotations:
D:7 2 transporters, vishdafish's ghost, novice FoFi
D:8 3 runed translucent doors, feelmyfire's ghost, novice VSAs
Spider:2 Jorgrun


Innate Abilities, Weirdness & Mutations

You are too large for most types of armour.
You have claws for hands.
Your metabolism is lightning-fast.
You like to eat raw meat.
Your natural rate of healing is unusually fast.
You are covered in fur. (AC +1)
You have extremely tough skin. (AC +3)


Message History

The tyrant leech closely misses you.
You barely miss the tyrant leech.
The tyrant leech is lightly wounded.
The tyrant leech bites you.
The tyrant leech draws strength from your injuries!
You block the tyrant leech's attack.
You slice the tyrant leech!!
The tyrant leech is heavily wounded.
The tyrant leech closely misses you.
You slash the tyrant leech!
The tyrant leech is severely wounded.
The tyrant leech bites you!
* * * LOW HITPOINT WARNING * * *
The tyrant leech draws strength from your injuries!
The tyrant leech bites you!!
* * * LOW HITPOINT WARNING * * *
The tyrant leech draws strength from your injuries!
You block the tyrant leech's attack. The tyrant leech bites you!!
You die...

.........##.............#≈≈≈#####
....###.#.###........#....≈≈≈≈≈≈≈
...^# ##..##..#..........#..≈≈≈≈≈
....# #.......>..........>.....#
...## ##...^.....#...#..........
..## #####....................
^## ##..^.^....(.[....... ##
#.....#.............#
#...@w.w..†..#......#
##..#w....:........##
#..#^..............#
.................#.##
.....#....#....^....##
....##...##..........#
...##..^##..##......## ...
.........#.#^..#.# .......
#....#.##


You could see 3 tyrant leeches.

Vanquished Creatures
  Agnes (Spider:2)
  Roxanne (Spider:1)
  3 hydras
  An ice dragon (Lair:6)
  6 death yaks
  A lindwurm (Lair:6)
  3 oklob plants
  2 wolf spiders
  2 orb spiders
  17 elephants
  6 black mambas
  5 torpor snails (Lair:6)
  14 spiny frogs
  A molten gargoyle (Lair:2)
  2 rime drakes
  7 komodo dragons
  2 demonic crawlers
  4 jumping spiders (Spider:2)
  6 hornets (Lair:6)
  4 polar bears
  9 blink frogs
  6 tyrant leeches
  8 hippogriffs
  6 dream sheep (Lair:5)
  17 redbacks
  A tarantella (Spider:2)
  41 yaks
  3 basilisks
  32 water moccasins
  9 porcupines
  Duvessa (D:4)
  4 sky beasts
  A black bear (D:6)
  A hornet zombie (D:7)
  3 ice beasts
  An orc warrior (D:7)
  2 phantoms
  3 ogres
  5 centaurs
  7 wolves
  6 crocodiles
  A big kobold (D:7)
  17 bullfrogs
  Dowan (D:4)
  3 scorpions
  A water moccasin skeleton (D:7)
  A lava snake (Lair:2)
  3 hounds
  6 jellies
  A crimson imp (D:5)
  2 centaur skeletons
  Crazy Yiuf (D:3)
  A bullfrog skeleton (D:7)
  An iguana (D:4)
  Natasha (thrice) (D:3)
  5 worker ants
  A killer bee zombie (D:6)
  A hound skeleton (D:7)
  A worker ant zombie (D:8)
  9 gnolls
  22 adders
  16 oozes (D:7)
  4 dart slugs
  2 leopard geckos
  14 orcs
  4 ball pythons
  9 giant cockroaches
  6 goblins
  3 hobgoblins
  13 jackals
  6 quokkas
  2 bats
  3 frilled lizards
  10 kobolds
  A leopard gecko skeleton (D:4)
  A quokka skeleton (D:8)
  A quokka zombie (D:6)
  10 rats
  5 fungi
  4 plants
449 creatures vanquished.

Vanquished Creatures (others)
  15 fungi
  33 plants
48 creatures vanquished.

Grand Total: 497 creatures vanquished

Notes
Turn   | Place    | Note
-------+----------+-------------------------------------------
     0 | D:1      | Jaiteiro the Troll Berserker began the quest for the Orb.
     0 | D:1      | Reached XP level 1. HP: 22/22 MP: 0/0
   158 | D:1      | Reached skill level 3 in Maces & Flails
   158 | D:1      | Reached XP level 2. HP: 29/29 MP: 1/1
   386 | D:1      | Reached ** piety under Trog
   665 | D:1      | Reached XP level 3. HP: 34/36 MP: 2/2
  1181 | D:2      | Found an opulent altar of Gozag.
  1194 | D:2      | Reached skill level 1 in Throwing
  1244 | D:2      | Reached XP level 4. HP: 42/44 MP: 3/3
  1265 | D:2      | Found a shadowy altar of Dithmenos.
  1265 | D:2      | Found a hazy altar of Hepliaklqana.
  1420 | D:3      | Found a shattered altar of Ashenzari.
  1511 | D:3      | Noticed Natasha
  1518 | D:3      | Killed Natasha
  1531 | D:3      | Noticed Natasha
  1547 | D:3      | Killed Natasha
  1547 | D:3      | Reached skill level 4 in Maces & Flails
  1636 | D:3      | Noticed Natasha
  1641 | D:3      | Killed Natasha
  1641 | D:3      | Reached XP level 5. HP: 42/52 MP: 4/4
  1725 | D:3      | Found a glowing silver altar of Zin.
  1775 | D:3      | Found a faded altar of an unknown god.
  1858 | D:3      | Found a runed translucent door.
  1859 | D:3      | Noticed Crazy Yiuf
  2093 | D:3      | Killed Crazy Yiuf
  2172 | D:4      | Reached XP level 6. HP: 41/61 MP: 5/5
  2224 | D:4      | Reached skill level 5 in Maces & Flails
  2327 | D:4      | Noticed Dowan
  2328 | D:4      | Noticed Duvessa
  2360 | D:4      | Killed Duvessa
  2365 | D:4      | Killed Dowan
  2365 | D:4      | Reached XP level 7. HP: 66/67 MP: 6/6
  2525 | D:4      | Reached skill level 6 in Maces & Flails
  2603 | D:5      | Entered Level 5 of the Dungeon
  2696 | D:5      | Found a deep blue altar of Sif Muna.
  2817 | D:5      | Reached *** piety under Trog
  3155 | D:5      | Found a white marble altar of Elyvilon.
  3407 | D:5      | Found a burning altar of Makhleb.
  3576 | D:6      | Found an ornate altar of the Wu Jian Council.
  3740 | D:6      | Reached skill level 7 in Maces & Flails
  3740 | D:6      | Reached XP level 8. HP: 75/75 MP: 7/7
  4073 | D:6      | Found an iron altar of Okawaru.
  4187 | D:6      | Received a gift from Trog
  4218 | D:6      | Found a blossoming altar of Fedhas.
  4276 | D:6      | Reached skill level 8 in Maces & Flails
  4603 | D:7      | Reached XP level 9. HP: 56/84 MP: 8/8
  4774 | D:7      | Found a transporter.
  4824 | D:7      | Found a transporter.
  4827 | D:7      | Found a staircase to the Ecumenical Temple.
  4827 | D:7      | Noticed vishdafish's ghost (novice FoFi)
  4871 | D:7      | Noticed a moth of wrath
  4874 | D:7      | Reached skill level 9 in Maces & Flails
  4905 | D:7      | Noticed a +0 dagger
  4949 | D:7      | Reached **** piety under Trog
  4992 | D:7      | Noticed a +0 dagger
  4993 | D:7      | Found a hide-covered altar of Uskayaw.
  5151 | D:7      | Reached skill level 5 in Dodging
  5227 | D:7      | Got a faintly glowing war axe
  5228 | D:7      | Identified the +11 war axe of Arrival {protect, MR+ MP-9
                  | SInv} (You found it on level 7 of the Dungeon)
  5346 | D:7      | Noticed an oklob plant
  5380 | D:7      | Received a gift from Trog
  5638 | D:7      | Killed an oklob plant
  5638 | D:7      | Reached skill level 10 in Maces & Flails
  6056 | D:8      | Found a staircase to the Lair.
  6074 | D:8      | Found a runed translucent gate.
  6074 | D:8      | Found a runed translucent gate.
  6074 | D:8      | Found a runed translucent gate.
  6079 | D:8      | Found an opulent altar of Gozag.
  6098 | D:8      | Noticed feelmyfire's ghost (novice VSAs)
  6098 | D:8      | Noticed an unseen horror
  6135 | D:8      | Reached XP level 10. HP: 94/94 MP: 0/9
  6143 | D:8      | Reached skill level 5 in Fighting
  6348 | Lair:1   | Entered Level 1 of the Lair of Beasts
  6388 | Lair:1   | Noticed an eight-headed hydra
  6402 | Lair:1   | Killed an eight-headed hydra
  6402 | Lair:1   | Reached skill level 5 in Throwing
  6432 | Lair:1   | Noticed a black mamba
  6439 | Lair:1   | Killed a black mamba
  7076 | Lair:1   | Noticed a spiny frog
  7082 | Lair:1   | Killed a spiny frog
  7243 | Lair:1   | Reached ***** piety under Trog
  7694 | Lair:1   | Got a warped trident
  7695 | Lair:1   | Identified the +4 trident "Xussoah" {drain, +Inv SInv} (You
                  | found it on level 1 of the Lair of Beasts)
  8097 | Lair:2   | Reached skill level 11 in Maces & Flails
  8146 | Lair:2   | Reached XP level 11. HP: 95/107 MP: 1/10
  8224 | Lair:2   | Found a staircase to the Shoals.
  8693 | Lair:2   | Noticed a seven-headed hydra
  8735 | Lair:2   | Killed a seven-headed hydra
  8887 | Lair:2   | Received a gift from Trog
  9670 | Lair:3   | Reached XP level 12. HP: 53/119 MP: 2/11
 10992 | Lair:4   | HP: 1/123 [acid (10)]
 11260 | Lair:4   | Received a gift from Trog
 11712 | Lair:4   | Reached skill level 12 in Maces & Flails
 12306 | Lair:4   | Found a hole to the Spider Nest.
 12447 | Lair:5   | Reached XP level 13. HP: 99/133 MP: 3/12
 12624 | Lair:5   | Found a staircase to the Slime Pits.
 12625 | Lair:5   | Found a viscous altar of Jiyva.
 12655 | Lair:5   | Got an iridescent mace
 12656 | Lair:5   | Identified the +5 mace of Scorn {flame, rC++} (You found it
                  | on level 5 of the Lair of Beasts)
 12735 | Lair:5   | Reached skill level 1 in Shields
 12745 | Lair:5   | Reached skill level 10 in Fighting
 12745 | Lair:5   | Reached skill level 1 in Evocations
 13504 | Lair:6   | Entered Level 6 of the Lair of Beasts
 13561 | Lair:6   | Reached skill level 10 in Dodging
 14393 | Lair:6   | Received a gift from Trog
 14939 | Lair:6   | Found a runed translucent door.
 15395 | Lair:6   | Reached XP level 14. HP: 144/144 MP: 6/15
 15795 | Spider:1 | Entered Level 1 of the Spider Nest
 16139 | Spider:1 | Identified Roxanne's Tome of Clay
 16139 | Spider:1 | Noticed Roxanne
 16162 | Spider:1 | You fall through a shaft!
 16451 | Spider:2 | Reached ****** piety under Trog
 16485 | Spider:2 | Noticed Agnes
 16495 | Spider:2 | Killed Agnes
 16495 | Spider:2 | Reached skill level 5 in Shields
 16841 | Spider:2 | Noticed Jorgrun
 16858 | Spider:1 | Killed Roxanne
 16872 | Spider:1 | Demolished by a tyrant leech

Skill      XL: |  1  2  3  4  5  6  7  8  9 10 11 12 13 14 |
---------------+-------------------------------------------+-----
Maces & Flails | 3 4 5 7 8 10 11 12 | 12.7
Throwing       | 1 2 3 4 5 7 8 9 |  9.3
Dodging        | 3 4 5 6 8 9 10 | 10.6
Fighting       | 3 4 6 8 9 10 | 10.9
Shields        | 4 5 |  5.2
Evocations     | 2 3 |  3.5

Action                   |  1- 3 |  4- 6 |  7- 9 | 10-12 | 13-15 || total
-------------------------+-------+-------+-------+-------+-------++-------
Melee: Mace              |   133 |   130 |   412 |       |    14 ||   689
       War axe           |       |       |    79 |   525 |   459 ||  1063
       Giant spiked club |       |       |       |     9 |       ||     9
Throw: Stone             |     4 |     7 |     6 |     8 |    96 ||   121
Invok: Berserk           |       |     4 |     9 |    14 |    16 ||    43
  Use: Scroll            |       |       |     8 |     1 |     5 ||    14
       Potion            |       |       |       |       |     1 ||     1
 Stab: Distracted        |       |       |       |       |     1 ||     1
  Eat: Chunk             |    17 |    14 |    38 |    72 |    51 ||   192
       Ration            |       |       |       |     2 |       ||     2
Armor: Animal skin       |    61 |    65 |   212 |   235 |   144 ||   717
Dodge: Dodged            |    96 |   102 |   305 |   413 |   262 ||  1178
Block: Shield            |       |       |       |       |   223 ||   223
